AoeStats
← Chuckles

Arabia

510027988Analyzed
1v1 RM · 4d ago on Sep 29, 2026· 64m 13s· 2 players
Game mode
Random Map
Map size
Tiny (2 player)
Population
200
Speed
Normal
Resources
Standard
Victory
Conquest
Starting age
Dark Age
Ending age
Imperial Age
RankedLock teamsTeams togetherTeam positionsShared explorationLock speedFull tech treeHidden civsTurbo modeCheats
Victory
Defeat
🇺🇸 Koreans · United States
546
+18
🇺🇸 Bulgarians · United States
507
-14
sanantoniosamurai
0:26 Loom
15:18 Feudal Age
17:23 Town Watch
17:29 Arson
20:50 Wheelbarrow
22:58 Stone Mining
22:58 Gold Mining
23:07 Double-Bit Axe
25:00 Forging
24:50 Scale Mail Armor
24:55 Scale Barding Armor
24:40 Fletching
24:50 Padded Archer Armor
28:09 Castle Age
36:19 Gambesons
36:34 Squires
Chuckles
9:44 Feudal Age
12:06 Wheelbarrow
11:19 Loom
25:40 Fletching
31:04 Castle Age
30:58 Forging
32:01 Thumb Ring
31:17 Elite Skirmisher
32:03 Bodkin Arrow
35:25 Horse Collar
35:32 Double-Bit Axe
36:19 Stone Mining
40:34 Ballistics
40:12 Murder Holes
41:43 Bow Saw
42:38 Gold Mining
43:24 Stone Shaft Mining
55:07 Imperial Age
52:37 Treadmill Crane
54:33 Wheelbarrow
54:10 Scale Mail Armor
54:51 Iron Casting
54:21 Scale Barding Armor
56:55 Chemistry
55:41 Arrowslits
55:23 Capped Ram
56:16 Heavy Rocket Cart
58:54 Hand Cart
60:32 Chain Mail Armor
Connection lost

Rejoining the realm…

Still unreachable

The connection could not be restored.

Session expired

The server has moved on; the page needs a fresh start.